 Dungeon Crawl Stone Soup version 0.22.1-1-ga44c0e5 (webtiles) character file.

3814 brandon the Destroyer (level 9, -2/54 HPs)
             Began as a Deep Elf Fire Elementalist on Oct 7, 2018.
             Was a Follower of Vehumet.
             Slain by a scorpion (7 damage)
             ... on level 7 of the Dungeon.
             The game lasted 00:22:02 (8602 turns).

brandon the Destroyer (Deep Elf Fire Elementalist)  Turns: 8602, Time: 00:22:03

Health: -2/54      AC:  3    Str:  5    XL:     9   Next: 97%
Magic:  10/23      EV: 13    Int: 24    God:    Vehumet [*.....]
Gold:   298        SH:  2    Dex: 15    Spells: 10/25 levels left

rFire    . . .     SeeInvis .   y - +3 falchion
rCold    . . .     Gourm    .   (no shield)
rNeg     . . .     Faith    .   a - +0 robe
rPois    .         Spirit   .   (no helmet)
rElec    .         Reflect  +   (no cloak)
rCorr    .         Harm     .   k - +0 pair of gloves
MR       .....                  (no boots)
Stlth    ++........             B - +2 amulet of reflection
HPRegen  0.18/turn              A - ring of wizardry
MPRegen  0.18/turn              (no ring)

@: no status effects
A: no striking features
a: Renounce Religion


You were on level 7 of the Dungeon.
You worshipped Vehumet.
Vehumet was aware of your devotion.
You were very hungry.

You visited 2 branches of the dungeon, and saw 9 of its levels.

You collected 298 gold pieces.

Inventory:

Hand Weapons
 g - a +4 dagger
 y - a +3 falchion (weapon)
Armour
 a - a +0 robe (worn)
 k - a +0 pair of gloves (worn)
Jewellery
 A - a ring of wizardry (left hand)
 B - a +2 amulet of reflection (around neck)
 D - an uncursed amulet of magic regeneration {unknown}
Wands
 w - a wand of digging (7)
 z - a wand of clouds (5)
Scrolls
 d - 2 scrolls of random uselessness {unknown}
 f - 2 scrolls of enchant weapon
 h - a scroll of noise {unknown}
 j - 4 scrolls of enchant armour {unknown}
 l - 2 scrolls of amnesia {unknown}
 n - 3 scrolls of remove curse
 o - a scroll of magic mapping {unknown}
 r - a scroll of vulnerability {unknown}
 v - a scroll of fear {unknown}
 E - a scroll of teleportation {unknown}
Potions
 b - a potion of ambrosia {unknown}
 e - 3 potions of magic
 m - 4 potions of curing
 p - 2 potions of cancellation {unknown}
 q - 2 potions of heal wounds {unknown}
 s - 4 potions of mutation {unknown}
 t - 2 potions of flight {unknown}
 u - a potion of berserk rage {unknown}
 x - a potion of invisibility {unknown}
 C - a potion of haste {unknown}
Comestibles
 c - 19 rations


   Skills:
 + Level 5.1 Fighting
 - Level 2.4 Dodging
 - Level 2.4 Stealth
 + Level 8.9 Spellcasting
 * Level 10.0 Conjurations
 + Level 7.7 Fire Magic


You had 10 spell levels left.
You knew the following spells:

 Your Spells              Type           Power        Failure   Level  Hunger
a - Flame Tongue          Conj/Fire      #####        1%          1    None
b - Throw Flame           Conj/Fire      ######       1%          2    None
c - Conjure Flame         Conj/Fire      ######..     1%          3    None
d - Sticky Flame          Conj/Fire      ######..     1%          4    ##.....
e - Fireball              Conj/Fire      ######....   1%          5    ####...

Your spell library contained the following spells:

 Spells                   Type           Power        Failure   Level  Hunger
 Freeze                   Ice            ##..         2%          1    None
 Inner Flame              Hex/Fire       ####....     1%          3    None


Dungeon Overview and Level Annotations

Branches:
Dungeon (8/15)             Temple (1/1) D:5
   Lair: D:8-11

Altars:
Ashenzari
Cheibriados
Dithmenos
Elyvilon
Fedhas
Gozag
Hepliaklqana
Kikubaaqudgha
Makhleb
Nemelex Xobeh
Okawaru
Qazlal
Ru
Sif Muna
Trog
Uskayaw
Vehumet
Wu Jian
Xom
Yredelemnul
Zin
The Shining One


Message History

The killer bee buzzes angrily.
You hit the killer bee but do no damage.
The scorpion stings you.
* * * LOW HITPOINT WARNING * * *
The killer bee misses you. The killer bee stings you.
* * * LOW HITPOINT WARNING * * *
A mysterious force pulls you upwards. The hatch slams shut behind you.
Okay, then.
Okay, then.
Casting: Sticky Flame (safe; 1% risk of failure)
Confirm with . or Enter, or press ? or * to list all spells.
Aiming: Sticky Flame (safe; 1% risk of failure)
Press: ? - help, Shift-Dir - straight line, f - killer bee
Aim: a killer bee The sticky flame hits the killer bee.
The killer bee is heavily wounded.
The killer bee is covered in liquid flames!
The killer bee burns!
The killer bee misses you. The killer bee barely misses you.
The scorpion stings you!
You die...

....# #.# # .#### #(# # .# #.# #
.# #.# # .######## #.# #
........##################.######
.#...............................
...####.####.#.#####.############
...# #.....###s@yy..# ..##
######.#.####### .## ##.## .# ###
##


You could see a scorpion and 2 killer bees.

Vanquished Creatures
  Harold (D:7)
  A two-headed ogre (D:8)
  2 sky beasts (D:5)
  2 ice beasts
  2 necrophages
  A phantom (D:7)
  3 ogres
  2 centaurs (D:7)
  A big kobold (D:7)
  A bullfrog (D:8)
  A scorpion (D:6)
  4 killer bees (D:8)
  3 howler monkeys (D:7)
  2 crimson imps (D:6)
  A centaur zombie (D:6)
  6 hounds
  A jelly (D:6)
  2 bullfrog skeletons
  A centaur skeleton (D:7)
  5 orc wizards
  An iguana (D:7)
  5 worker ants
  A hound skeleton (D:4)
  4 gnolls (D:5)
  6 adders
  A howler monkey skeleton (D:5)
  3 shadow imps
  2 oozes
  An adder skeleton (D:5)
  2 dart slugs (D:1)
  6 leopard geckos
  24 orcs
  6 giant cockroaches
  6 goblins
  5 hobgoblins
  12 jackals
  17 kobolds
  3 quokkas
  A ball python (D:1)
  9 bats
  4 frilled lizards
  2 leopard gecko skeletons
  A leopard gecko zombie (D:6)
  A quokka skeleton (D:6)
  19 rats
184 creatures vanquished.

Vanquished Creatures (others)
  8 fungi (D:8)
8 creatures vanquished.

Grand Total: 192 creatures vanquished

Notes
Turn   | Place    | Note
-------+----------+-------------------------------------------
     0 | D:1      | brandon the Deep Elf Fire Elementalist began the quest for
                  | the Orb.
     0 | D:1      | Reached XP level 1. HP: 10/10 MP: 6/6
   161 | D:1      | Reached XP level 2. HP: 16/16 MP: 2/8
   170 | D:1      | Learned a level 2 spell: Throw Flame
   356 | D:1      | Reached skill level 2 in Conjurations
   590 | D:1      | Reached XP level 3. HP: 18/20 MP: 1/9
   609 | D:1      | Learned a level 3 spell: Conjure Flame
   695 | D:1      | Found a glowing golden altar of the Shining One.
  1109 | D:2      | Found a faded altar of an unknown god.
  1137 | D:2      | Reached skill level 1 in Fighting
  1358 | D:2      | Reached skill level 3 in Conjurations
  1358 | D:2      | Reached XP level 4. HP: 14/25 MP: 4/11
  1592 | D:2      | Learned a level 4 spell: Sticky Flame
  2067 | D:2      | Found a white marble altar of Elyvilon.
  2068 | D:2      | Found a glowing silver altar of Zin.
  2070 | D:2      | Found a glowing golden altar of the Shining One.
  2340 | D:3      | Reached XP level 5. HP: 25/29 MP: 4/13
  2696 | D:3      | Reached skill level 4 in Conjurations
  2987 | D:4      | Reached XP level 6. HP: 35/35 MP: 10/14
  2993 | D:4      | Found a burning altar of Makhleb.
  3027 | D:4      | Found a hide-covered altar of Uskayaw.
  3045 | D:4      | Noticed an ice beast
  3166 | D:4      | Killed an ice beast
  3278 | D:4      | Reached skill level 5 in Spellcasting
  3589 | D:4      | Reached skill level 5 in Conjurations
  3590 | D:4      | Reached XP level 7. HP: 25/40 MP: 5/16
  3667 | D:4      | Learned a level 5 spell: Fireball
  3763 | D:5      | Entered Level 5 of the Dungeon
  3992 | D:5      | Reached skill level 5 in Fire Magic
  4149 | D:5      | Found a shattered altar of Ashenzari.
  4152 | D:5      | Found an ancient bone altar of Kikubaaqudgha.
  4166 | D:5      | Found an opulent altar of Gozag.
  4180 | D:5      | Found an ornate altar of the Wu Jian Council.
  4192 | D:5      | Reached skill level 6 in Conjurations
  4829 | D:6      | Found a sacrificial altar of Ru.
  4835 | D:6      | Found a deep blue altar of Sif Muna.
  4835 | D:6      | Found a bloodstained altar of Trog.
  4851 | D:6      | Reached XP level 8. HP: 45/46 MP: 2/19
  5394 | D:6      | Reached skill level 7 in Conjurations
  6454 | D:5      | Found a staircase to the Ecumenical Temple.
  6474 | Temple   | Entered the Ecumenical Temple
  6654 | Temple   | Became a worshipper of Vehumet
  6748 | D:5      | Found a sparkling altar of Nemelex Xobeh.
  7293 | D:7      | Reached skill level 8 in Conjurations
  7297 | D:7      | Noticed Harold
  7315 | D:7      | Killed Harold
  7315 | D:7      | Reached XP level 9. HP: 35/52 MP: 5/22
  7384 | D:7      | Found a sparkling altar of Nemelex Xobeh.
  7435 | D:7      | Reached skill level 9 in Conjurations
  7855 | D:7      | Reached * piety under Vehumet
  7855 | D:7      | Offered knowledge of Freeze by Vehumet.
  8231 | D:8      | Noticed a two-headed ogre
  8244 | D:7      | HP: 2/53 [poisoned by a killer bee]
  8591 | D:8      | Killed a two-headed ogre
  8591 | D:8      | Reached skill level 5 in Fighting
  8591 | D:8      | Reached skill level 10 in Conjurations
  8602 | D:7      | Slain by a scorpion

Skill      XL: |  1  2  3  4  5  6  7  8  9 |
---------------+----------------------------+-----
Conjurations   | 2 3 4 5 6 8 10 | 10.0
Fighting       | 1 2 3 4 5 |  5.1
Spellcasting   | 4 5 6 7 8 |  8.9
Fire Magic     | 4 5 6 7 |  7.7
Dodging        | |  2.4
Stealth        | |  2.4

Action                   |  1- 3 |  4- 6 |  7- 9 || total
-------------------------+-------+-------+-------++-------
Melee: Unarmed           |     3 |       |       ||     3
       Dagger            |     6 |    15 |   305 ||   326
       Falchion          |       |       |    37 ||    37
 Cast: Flame Tongue      |    55 |    59 |   145 ||   259
       Throw Flame       |    17 |    23 |    27 ||    67
       Sticky Flame      |       |     4 |    29 ||    33
       Conjure Flame     |       |     1 |     5 ||     6
       Fireball          |       |       |     4 ||     4
  Use: Scroll            |       |     4 |     4 ||     8
       Potion            |       |       |     2 ||     2
 Stab: Distracted        |       |       |     1 ||     1
       Sleeping          |       |       |     1 ||     1
  Eat: Chunk             |     2 |     4 |    15 ||    21
       Ration            |       |     1 |     1 ||     2
Armor: Robe              |     3 |     7 |    71 ||    81
Dodge: Dodged            |    28 |    17 |   247 ||   292
Block: Other             |       |       |     4 ||     4
       Rpst.: Falchion   |       |       |    22 ||    22
